Map: Ascension to Aiur LE

Players

ScotsmanUS - Winner!

  • Race: Terran Terran
  • Spawn Location: 11:00

A.I. 1 (Very Easy)

  • Race: Protoss Protoss
  • Spawn Location: 5:00

VOD

Have the link to the VOD?

Description

Trial

Time

  • Played on: Dec. 6, 2017, 10:19 a.m.
  • Length: 16:57
Show
View Real Time Build Order
Export as new Build Order

ScotsmanUS Terran - Winner!

Build Orders:  

Get SALT Encoding   

  12  0:06  SCV  
  13  0:18  SCV  
  14  0:30  SCV  
  14  0:34  Refinery  
  15  1:02  Supply Depot  
  15  1:24  SCV  
  15  1:25  Supply Depot  
  16  1:32  Barracks  
  16  1:36  SCV  
  17  1:48  SCV  
  18  1:58  Barracks  
  18  2:00  SCV  
  19  2:12  SCV  
  20  2:20  Supply Depot  
  20  2:32  Marine  
  21  2:49  Marine  
  22  2:59  Bunker  
  22  3:07  Marine  
  23  3:17  Barracks  
  23  3:25  Marine  
  23  3:26  SCV  
  25  3:31  Bunker  
  25  3:38  SCV  
  26  3:43  Marine  
  27  3:50  SCV  
  27  3:53  Command Center  
  28  4:01  Marine  
  29  4:03  SCV  
  30  4:11  Refinery  
  30  4:13  Barracks Tech Lab  
  30  4:15  SCV  
  31  4:18  Marine  
  31  4:19  Barracks Tech Lab  
  32  4:29  Supply Depot  
  32  4:51  Supply Depot  
  32  5:11  Marauder  
  34  5:18  Marauder  
  36  5:32  Marauder  
  38  5:39  Marauder  
  38  5:42  Barracks Reactor  
  40  5:47  SCV  
  41  5:54  Marauder  
  41  5:56  SCV  
  44  5:59  SCV  
  44  6:01  Marauder  
  47  6:08  SCV  
  48  6:11  SCV  
  48  6:15  Combat Shields, Marauder  
  51  6:20  SCV  
  51  6:22  Marauder  
  51  6:24  SCV  
  55  6:28  Reaper x2  
  55  6:32  SCV  
  58  6:36  SCV  
  58  6:37  Marauder  
  61  6:43  Marauder  
  61  6:44  SCV  
  64  6:58  Marauder  
  64  7:00  Reaper  
  64  7:01  Reaper  
  68  7:05  Marauder  
  70  7:17  Supply Depot  
  70  7:34  Stimpack  
  70  7:38  Reaper, SCV  
  70  7:39  Marauder x2  
  70  7:40  Supply Depot  
  76  7:48  Refinery  
  76  7:51  SCV  
  77  7:57  Refinery  
  77  8:02  Marauder  
  77  8:03  SCV  
  80  8:15  SCV  
  80  8:16  Barracks  
  81  8:27  SCV  
  82  8:49  Reaper  
  82  8:50  Reaper  
  84  9:05  Barracks  
  84  9:21  Reaper  
  84  9:22  Reaper  
  84  9:24  Barracks Tech Lab  
  86  9:35  Concussive Shells  
  86  9:42  Supply Depot  
  86  10:04  Reaper x2, SCV x2  
  86  10:05  Supply Depot  
  90  10:07  Barracks Tech Lab  
  90  10:10  Marauder  
  92  10:16  SCV x2  
  94  10:28  SCV x2  
  96  10:31  Marauder  
  98  10:36  Reaper x2  
  98  10:40  SCV x2  
  102  11:05  Supply Depot  
  102  11:23  Supply Depot  
  102  11:26  Reaper x2, SCV x2, Marauder  
  102  11:27  Marauder  
  102  11:29  Supply Depot  
  110  11:45  Orbital Command  
  110  11:48  Supply Depot, Marauder x2  
  110  11:51  SCV  
  115  11:58  Reaper x2  
  117  12:03  SCV  
  118  12:09  Marauder x2  
  118  12:15  SCV  
  123  12:16  Marauder  
  125  12:27  SCV  
  126  12:30  Reaper x2  
  126  12:31  Marauder  
  130  12:37  Marauder  
  130  12:39  SCV  
  133  13:28  Reaper  
  134  14:07  Supply Depot  
  134  14:14  Supply Depot  
  134  14:29  Reaper x2, Marauder x3  
  142  14:36  Marauder  
  142  14:38  Supply Depot  
  144  14:51  Marauder x3  
  150  14:57  Marauder  
  148  15:01  Reaper x2  
  149  15:12  Marauder x3  
  155  15:19  Marauder  
  157  15:33  Reaper  
  158  16:20  Supply Depot  
  158  16:39  Supply Depot  
  158  16:44  Supply Depot  
  166  16:52  Supply Depot  
Show
View Real Time Build Order
Export as new Build Order

A.I. 1 (Very Easy) Protoss 

Build Orders:  

Get SALT Encoding   

  12  0:00  Probe  
  13  0:13  Probe  
  14  0:20  Pylon  
  14  0:36  Assimilator  
  14  0:43  Gateway  
  14  0:47  Pylon  
  14  1:16  Assimilator  
  14  1:19  Probe  
  15  1:32  Probe  
  16  1:33  Cybernetics Core  
  16  1:44  Probe  
  17  1:56  Probe  
  18  2:08  Probe  
  19  2:09  Stalker  
  19  2:10  Warp Gate  
  21  2:20  Probe  
  22  5:20  Probe, Zealot  
  25  5:21  Pylon  
  25  5:23  Robotics Facility  
  25  5:33  Probe  
  26  5:45  Probe  
  27  5:57  Probe  
  27  6:01  Pylon  
  28  6:09  Probe  
  28  6:11  Observer  
  28  6:13  Zealot  
  31  6:33  Observer  
  31  7:07  Stalker  
  33  7:10  Nexus  
  33  8:23  Probe  
  34  8:28  Assimilator  
  34  8:30  Probe  
  35  8:35  Assimilator  
  35  8:38  Probe  
  36  8:45  Probe  
  37  8:52  Probe  
  38  8:59  Probe  
  39  9:06  Probe  
  40  9:13  Probe  
  41  9:21  Probe  
  42  9:28  Probe  
  43  9:35  Probe  
  44  9:42  Probe  
  45  9:49  Probe  
  46  9:56  Probe  
  47  10:04  Probe  
  48  10:46  Warp Prism  
  48  10:47  Stalker  
  48  10:48  Gateway  
  52  10:53  Robotics Bay  
  52  10:57  Stargate  
  52  11:02  Pylon  
  52  11:13  Stalker  
  52  11:21  Warp Prism  
  50  11:40  Stalker, Gateway  
  50  11:41  Observer Gravitic Boosters  
  52  11:58  Observer  
  53  12:06  Zealot  
  55  12:38  Gravitic Drive  
  55  14:28  Nexus  
  55  14:50  Zealot  
  57  14:57  Twilight Council  
  57  14:59  Pylon  
  49  15:09  Stalker  
  51  15:14  Nexus  
  51  15:28  Stalker  
  47  15:29  Pylon  
  33  15:43  Probe  
  33  15:47  Stalker  
  30  15:54  Templar Archives  
  30  15:55  Probe  
  31  16:05  Stalker  
  31  16:08  Probe  
  29  16:24  Stalker  
  30  16:27  Probe  
  30  16:34  Probe  
  13  16:41  Probe  
  13  16:43  Stalker  
  15  16:47  Assimilator  
Tags
 
Add a new tag
Caveats
  • Supply blocks, unpowered buildings, or Contaminate may cause inaccurate times.
  • Supply counts are checked every 10 seconds.